 Dungeon Crawl Stone Soup version 0.30-a0-989-g0d87f670db (webtiles) character file.

Game seed: 1326198451863135459

3 dredge the Ducker (level 1, -1/10 HPs)
             Began as a Felid Berserker on Apr 2, 2023.
             Was a Follower of Trog.
             Slain by a quokka (4 damage)
             ... on level 1 of the Dungeon.
             The game lasted 00:00:12 (75 turns).

dredge the Ducker (Felid Berserker)                   Turns: 75, Time: 00:00:12

Health: -1/10      AC:  1    Str: 13    XL:     1   Next: 41%
Magic:  2/2        EV: 18    Int:  8    God:    Trog [*.....]
Gold:   0          SH:  0    Dex: 15    Spells: 0/0 levels left
                                        Lives:  0   Deaths: 0

rFire   . . .      SeeInvis +      - Unarmed
rCold   . . .      Faith    .    (shield unavailable)
rNeg    . . .      Spirit   .    (body armour unavailable)
rPois   .          Reflect  .    (helmet unavailable)
rElec   .          Rampage  .    (cloak unavailable)
rCorr   .                        (gloves unavailable)
Will    .....                    (boots unavailable)
Stlth   +                        (no amulet)
HPRegen 0.21/turn                (no ring)
MPRegen 0.08/turn                (no ring)

@: quick
A: very small, claws 1, fangs 3, see invisible, speed 1, shaggy fur 1, stealthy
paws, no weapons or thrown items, no armour, multi-lived
a: Renounce Religion, Berserk


You were on level 1 of the Dungeon.
You worshipped Trog.
Trog was aware of your devotion.
You visited 1 branch of the dungeon, and saw 1 of its levels.

You aren't carrying anything.


   Skills:
 + Level 3.1 Fighting
 + Level 4.1 Dodging
 + Level 3.0 Unarmed Combat


You couldn't memorise any spells.
You didn't know any spells.
Your spell library was empty.

Dungeon Overview and Level Annotations

Branches:
Dungeon (1/15)

Altars:


Innate Abilities, Weirdness & Mutations

You have sharp claws.
You have razor-sharp teeth.
You have supernaturally acute eyesight. (SInv)
You cover ground quickly. (Speed+)
You are covered in fur. (AC +1)
Your paws help you pounce on unaware monsters.
You are incapable of wielding weapons or throwing items.
You cannot wear armour.
You gain extra lives every three experience levels.


Message History

You scratch the giant cockroach but do no damage.
The giant cockroach is heavily wounded.
The giant cockroach waves its antennae.
The giant cockroach misses you. x2
You completely miss the giant cockroach.
The giant cockroach is moderately wounded.
The giant cockroach closely misses you.
You scratch the giant cockroach.
You bite the giant cockroach, but do no damage.
The giant cockroach is heavily wounded.
The giant cockroach barely misses you.
You barely miss the giant cockroach.
The giant cockroach is heavily wounded.
The giant cockroach barely misses you.
You closely miss the giant cockroach.
The giant cockroach is heavily wounded.
The giant cockroach closely misses you.
You scratch the giant cockroach but do no damage.
The giant cockroach is heavily wounded.
The giant cockroach completely misses you.
You scratch the giant cockroach.
You kill the giant cockroach!
Trog accepts your kill.
You scratch the goblin.
You kill the goblin!
Trog accepts your kill.
You scratch the quokka.
The quokka is almost dead.
The quokka bites you.
You closely miss the quokka. Your bite misses the quokka.
The quokka is almost dead.
The quokka bites you.
* * * LOW HITPOINT WARNING * * *
You are too injured to fight recklessly!
You are too injured to fight recklessly!
You are too injured to fight recklessly!
You barely miss the quokka. Your bite misses the quokka.
The quokka is almost dead.
The quokka bites you.
You die...

.. #.. ..#.# .## .#.#
... ... .. #.# ..
###.#### .# #......###
.# #.#.##...##r#
#...##.#..@+
#..##♣♣♣...♣♣♣
#...♣♣.......♣♣
##..♣♣.........♣♣
######...♣....♣.♣....♣
.........♣.....⌠.....♣
######...♣....♣.♣...♣#
##..♣♣........[.♣
##...♣♣.....♣#.<♣


You could see a quokka.

Vanquished Creatures
  A giant cockroach (D:1)
  A quokka (D:1)
  A goblin (D:1)
3 creatures vanquished.

Notes
Turn   | Place    | Note
-------+----------+-------------------------------------------
     0 | D:1      | dredge the Felid Berserker began the quest for the Orb.
     0 | D:1      | Reached XP level 1. HP: 10/10 MP: 2/2
    75 | D:1      | Slain by a quokka

Illustrated notes

Levels and vault maps discovered:
D:1:      amcnicky_arrival_underground_garden, layout_loops_corners,
          hellmonk_ecumenical_altar_crossroads, serial_forest,
          infiniplex_forest_straight_4, infiniplex_forest_end_2,
          infiniplex_forest_clump_long, infiniplex_forest_lined_room_2,
          infiniplex_forest_clump_curved

Action                     || total
---------------------------++-------
  Melee: Unarmed           ||    13
         Bite              ||     2
  Dodge: Dodged            ||     8

Table legend: (Time is in decaauts)
 A = Elapsed time spent in this place.
 B = Non-inter-level travel time spent in this place.
 C = Inter-level travel time spent in this place.
 D = Time resting spent in this place.
 E = Time spent auto-exploring this place.
 F = Levels seen in this place.
 G = Mean time per level.
                   A        B        C        D        E       F      G
               +--------+--------+--------+--------+--------+-----+--------+
         Total |     61 |     46 |     15 |      0 |     30 |   1 |   61.0 |
       Dungeon |     61 |     46 |     15 |      0 |     30 |   1 |   61.0 |
               +--------+--------+--------+--------+--------+-----+--------+

Top non-repeatable levels by time:
     D:1: 61 daAuts
